 Dungeon Crawl Stone Soup version 0.27.1-4-g1640c2035a (webtiles) character file.

Game seed: 15455646861658699160

2326 adizb the Summoner (level 9, -8/57 HPs)
             Began as a Barachi Summoner on Nov 15, 2021.
             Was a Believer of Fedhas.
             Killed by an exploding themself (36 damage)
             ... ignited by their inner flame
             ... on level 8 of the Dungeon.
             The game lasted 01:31:46 (8099 turns).

adizb the Summoner (Barachi Summoner)               Turns: 8099, Time: 01:32:11

Health: -8/57      AC: 10    Str: 12    XL:     9   Next: 42%
Magic:  7/17       EV: 15    Int: 17    God:    Fedhas [**....]
Gold:   225        SH:  0    Dex: 18    Spells: 10/19 levels left

rFire    . . .     SeeInvis .   c - +3 dagger (flame)
rCold    . . .     Faith    .   (no shield)
rNeg     . . .     Spirit   .   M - +3 leather armour {Will+}
rPois    .         Reflect  .   x - +0 helmet
rElec    .         Harm     .   y - +0 cloak
rCorr    .         Rampage  .   g - +0 pair of gloves
Will     ++...                  (no boots)
Stlth    +++.......             (no amulet)
HPRegen  0.19/turn              t - +6 ring of dexterity
MPRegen  0.15/turn              z - ring of willpower

@: very slightly contaminated, slow
A: amphibious, slowness 1, strong legs 1, +LOS
a: Hop, Renounce Religion, Wall of Briars


You were on level 8 of the Dungeon.
You worshipped Fedhas.
Fedhas was pleased with you.
You visited 2 branches of the dungeon, and saw 9 of its levels.
You also visited: Sewer.

You collected 394 gold pieces.
You spent 169 gold pieces at shops.

Inventory:

Hand Weapons
 c - a +3 dagger of flaming (weapon)
 v - the +5 hunting sling of the Forest {freeze, *Corrode Str+4 Dex+5}
   (You found it on level 4 of the Dungeon)

   Any ammunition fired from it freezes those it strikes, dealing additional
   cold damage.
   It can also slow down cold-blooded creatures.
   Str:       It affects your strength (+4).
   Dex:       It affects your dexterity (+5).
   *Corrode:  It may corrode you when you take damage.
 F - a +1 vampiric short sword
Missiles
 h - 5 poisoned darts
 k - a throwing net
 C - 4 atropa-tipped darts
 I - 6 javelins
 K - 87 stones
Armour
 a - a +0 robe
 g - a +0 pair of gloves (worn)
 n - a +2 ring mail of cold resistance
 x - a +0 helmet (worn)
 y - a +0 cloak (worn)
 M - a +3 leather armour of willpower (worn)
 R - a +1 robe of willpower
Jewellery
 t - a +6 ring of dexterity (left hand)
 z - a ring of willpower (right hand)
 H - a ring of magical power
Wands
 d - a wand of digging (3)
 j - a wand of flame (10)
 m - a wand of paralysis (12)
 L - a wand of iceblast (7)
 Q - a wand of mindburst (14)
Scrolls
 b - 4 scrolls of enchant weapon
 l - 2 scrolls of noise {unknown}
 o - a scroll of silence
 p - 2 scrolls of enchant armour
 w - a scroll of blinking {unknown}
 A - 4 scrolls of teleportation {unknown}
 B - a scroll of magic mapping {unknown}
 D - 2 scrolls of vulnerability {unknown}
 J - a scroll of amnesia {unknown}
 N - a scroll of fear {unknown}
 P - a scroll of brand weapon {unknown}
 S - a scroll of identify
Potions
 e - 3 potions of curing
 f - 3 potions of flight
 i - 2 potions of heal wounds
 q - 2 potions of magic
 r - 3 potions of brilliance
 s - a potion of resistance {unknown}
 u - 3 potions of might
 E - 2 potions of haste
 G - a potion of berserk rage {unknown}
 O - a potion of cancellation {unknown}


   Skills:
 + Level 4.5 Armour
 + Level 6.1 Dodging
 - Level 4.0 Stealth
 + Level 5.6 Spellcasting
 * Level 10.3 Summonings
 - Level 3.0 Evocations


You had 10 spell levels left.
You knew the following spells:

 Your Spells              Type           Power      Damage    Failure   Level
a - Summon Small Mammal   Summ           100%       N/A       1%          1
b - Call Imp              Summ           39%        N/A       1%          2
c - Call Canine Familiar  Summ           39%        N/A       1%          3
d - Summon Guardian Gole  Hex/Summ       22%        N/A       6%          3

Your spell library contained the following spells:

 Spells                   Type           Power      Damage    Failure   Level
 Summon Lightning Spire   Summ/Air       22%        N/A       21%         4
 Sublimation of Blood     Necr           2%         N/A       26%         2
 Wereblood                Tmut           4%         N/A       26%         2
 Conjure Flame            Conj/Fire      4%         6-21      45%         3
 Ignite Poison            Fire/Tmut/Pois 4%         N/A       45%         3
 Ozocubu's Armour         Ice            4%         N/A       45%         3
 Passage of Golubria      Tloc           N/A        N/A       86%         4
 Sticky Flame             Conj/Fire      4%         2d3       86%         4
 Summon Hydra             Summ           19%        N/A       91%         7
 Metabolic Englaciation   Hex/Ice        2%         N/A       99%         5
 Silence                  Hex/Air        2%         N/A       99%         5
 Simulacrum               Ice/Necr       2%         N/A       100%        6
 Lehudib's Crystal Spear  Conj/Erth      2%         10d2      100%        8


Dungeon Overview and Level Annotations

Branches:
Dungeon (8/15)             Temple (1/1) D:4            Lair (0/6) D:8
  Sewer (visited)

Altars:
Ashenzari
Dithmenos
Elyvilon
Fedhas
Gozag
Kikubaaqudgha
Nemelex Xobeh
Okawaru
Qazlal
Ru
Trog
Uskayaw
Vehumet
Wu Jian
Xom
Yredelemnul
The Shining One

Shops:
D:4 *   D:7 *

Annotations:
D:8 Harold


Innate Abilities, Weirdness & Mutations

You are amphibious.
You cover ground slowly.
You can hop short distances.
You have an extended range of vision and can be seen from far away.


Message History

Harold throws a throwing net.
The throwing net completely misses you. The throwing net hits your hound.
Your hound is caught in the net!
Your hound is held in a net!
Your hound struggles against the net.
Your crimson imp blinks!
The orc hits your guardian golem with a +0 scimitar.
Your hound struggles against the net.
Harold throws a throwing net.
The throwing net hits you.
You become entangled in the net!
Your crimson imp blinks!
You see here a throwing net.
What are your orders? t - Croak!
Orders for allies: a - Attack new target. r - Retreat! s - Stop attacking. g - Guard the area. f - Follow me.
Anything else - Cancel.
Gang up on whom?
Press: ? - help, Dir - move target, f - Harold
Aim: Harold, wielding a +0 long sword and wearing a +0 chain mail (ally target) Attack!
Your hound struggles against the net. x2
You struggle against the net.
The orc hits you with a +0 scimitar.
Harold hits your guardian golem with a +0 long sword!
Your hound struggles against the net.
Your guardian golem overheats!
You struggle against the net.
Your hound struggles against the net.
The net rips apart, and your hound comes free!
The orc hits you with a +0 scimitar.
Harold hits your guardian golem with a +0 long sword.
Flame seeps out of your guardian golem.
Your guardian golem is engulfed in blazing flames.
Flame seeps out of your guardian golem.
You shred the net and break free! The orc barely misses you.
Harold hits your guardian golem with a +0 long sword!
Your guardian golem explodes!
The fiery explosion engulfs Harold!!
The fiery explosion engulfs you!!!
Ouch! That really hurt!
You die...
Fedhas appreciates your contribution to the ecosystem.

#.#..#...#..#.....#######.#
# #.##...##.#.....##......#
#.....P...#.....##....5.#
#≈...>P..≈#.....##...5.5#
#...PP.P..#.....#######5#
#.##PP.##.#.....# #####5#
##..#...#..##'#### #.....5
#.#...≈.§o#.#.# #######
#...)###○@.(#.#
#......@h§5.#<#
###.#.#.###.### #...#.# #.#
###.#.# #5########## #.#.#
#....5.....# ### #.#.#
##########.# #.. #...#
#5###.# ##### #.55..#


You could see Harold (ally target), an orc, a friendly hound (summoned,
sheltered) and a friendly crimson imp (summoned, sheltered).

Vanquished Creatures
  An orc warrior (D:8)
  A hornet zombie (D:8)
  A sky beast (D:7)
  A necrophage (D:4)
  A centaur (D:8)
  Dowan (D:6)
  A water moccasin skeleton (D:6)
  A wight (D:7)
  A centaur skeleton (D:6)
  3 orc wizards
  A howler monkey skeleton (D:7)
  An adder (Sewer)
  2 white imps
  A dart slug (D:3)
  4 orcs
  A ball python (Sewer)
  A goblin (D:4)
  A bat (D:2)
  13 kobolds
  A rat (D:2)
38 creatures vanquished.

Vanquished Creatures (collateral kills)
  Sigmund (D:3)
  Eustachio (D:6)
  A wyvern (D:6)
  4 yaks (D:7)
  An orc warrior (D:6)
  Duvessa (D:6)
  2 ice beasts
  A sky beast (D:7)
  A black bear (D:6)
  A centaur (D:8)
  An ogre (D:6)
  A necrophage (D:4)
  A kobold brigand (D:7)
  Blork the orc (D:5)
  2 bullfrogs (D:6)
  A scorpion (D:4)
  A wyvern zombie (D:6)
  A water moccasin skeleton (D:6)
  2 wights (D:7)
  A howler monkey (D:8)
  A centaur zombie (D:5)
  2 jellies
  An orc priest (D:3)
  2 hounds
  A bullfrog skeleton (D:5)
  2 centaur skeletons (D:7)
  Ijyb (D:3)
  Natasha (thrice) (D:2)
  6 orc wizards
  4 gnolls (D:3)
  6 adders
  A white imp (D:7)
  An adder skeleton (D:5)
  2 dart slugs (D:3)
  9 orcs
  10 ball pythons
  7 bats
  5 endoplasms
  5 giant cockroaches
  5 hobgoblins
  A jackal (D:2)
  2 quokkas (D:1)
  4 frilled lizards
  5 goblins
  13 kobolds
  11 rats
136 creatures vanquished.

Vanquished Creatures (others)
  2 fungi (D:8)
  6 plants
8 creatures vanquished.

Grand Total: 182 creatures vanquished

Notes
Turn   | Place    | Note
-------+----------+-------------------------------------------
     0 | D:1      | adizb the Barachi Summoner began the quest for the Orb.
     0 | D:1      | Reached XP level 1. HP: 13/13 MP: 3/3
    73 | D:1      | Reached skill level 5 in Summonings
   177 | D:1      | Reached XP level 2. HP: 7/19 MP: 3/5
   467 | D:1      | Learned a level 2 spell: Call Imp
  1286 | D:2      | Reached XP level 3. HP: 14/24 MP: 0/6
  1337 | D:2      | Found a faded altar of an unknown god.
  1720 | D:2      | Noticed Natasha
  1733 | D:2      | Killed Natasha
  1939 | D:2      | Noticed Natasha
  1945 | D:2      | Killed Natasha
  1946 | D:2      | Reached XP level 4. HP: 30/30 MP: 5/8
  2084 | D:2      | Noticed Natasha
  2101 | D:2      | Killed Natasha
  2304 | D:2      | Learned a level 3 spell: Call Canine Familiar
  3127 | D:3      | Noticed Sigmund
  3139 | D:3      | Reached skill level 6 in Summonings
  3211 | D:3      | Reached XP level 5. HP: 12/35 MP: 0/9
  3215 | D:3      | Killed Sigmund
  3496 | D:3      | Noticed Ijyb
  3521 | D:3      | Killed Ijyb
  3522 | D:3      | Reached XP level 6. HP: 19/41 MP: 2/10
  4106 | D:4      | Found Osyrghus's Assorted Antiques.
  4144 | D:4      | Noticed an ice beast
  4232 | D:4      | Noticed a necrophage
  4350 | D:4      | Killed a necrophage
  4363 | D:4      | Found a glowing drain.
  4413 | D:4      | Killed an ice beast
  4414 | D:4      | Reached skill level 7 in Summonings
  4418 | Sewer    | Entered a sewer
  4918 | D:4      | Found a staircase to the Ecumenical Temple.
  4928 | Temple   | Entered the Ecumenical Temple
  4948 | Temple   | Became a worshipper of Fedhas Madash
  5062 | D:4      | Noticed a necrophage
  5070 | D:4      | Killed a necrophage
  5071 | D:4      | Reached XP level 7. HP: 44/46 MP: 4/12
  5160 | D:4      | Identified the +5 hunting sling of the Forest {freeze,
                  | *Corrode Str+4 Dex+5}
  5422 | D:4      | Bought a notched emerald ring for 115 gold pieces
  5495 | D:5      | Entered Level 5 of the Dungeon
  5519 | D:5      | Noticed Blork the orc
  5536 | D:5      | Killed Blork the orc
  6022 | D:6      | Noticed Duvessa
  6209 | D:6      | Killed Duvessa
  6219 | D:6      | Noticed Dowan
  6238 | D:6      | Killed Dowan
  6239 | D:6      | Reached skill level 1 in Armour
  6239 | D:6      | Reached skill level 8 in Summonings
  6279 | D:6      | Reached skill level 1 in Evocations
  6409 | D:6      | Reached XP level 8. HP: 21/52 MP: 2/14
  6715 | D:6      | Reached * piety under Fedhas
  6720 | D:6      | Noticed Eustachio
  6764 | D:6      | Killed Eustachio
  6960 | D:6      | Found an opulent altar of Gozag.
  6962 | D:6      | Found a shadowy altar of Dithmenos.
  7032 | D:6      | Learned a level 3 spell: Summon Guardian Golem
  7188 | D:7      | Noticed a wyvern
  7200 | D:6      | Reached skill level 5 in Dodging
  7229 | D:6      | Killed a wyvern
  7230 | D:6      | Reached skill level 9 in Summonings
  7316 | D:7      | Found an iron altar of Okawaru.
  7390 | D:7      | Noticed a yak
  7397 | D:7      | Noticed a yak
  7398 | D:7      | Noticed a yak
  7399 | D:7      | Noticed a yak
  7402 | D:7      | Killed a yak
  7418 | D:7      | Killed a yak
  7419 | D:7      | Reached skill level 5 in Spellcasting
  7425 | D:7      | Killed a yak
  7426 | D:7      | Reached XP level 9. HP: 21/57 MP: 3/16
  7518 | D:7      | Found a glowing golden altar of the Shining One.
  7550 | D:7      | Reached ** piety under Fedhas
  7612 | D:7      | Found Poitt's Assorted Antiques.
  7624 | D:7      | Bought a scroll of identify for 54 gold pieces
  7736 | D:8      | Reached skill level 10 in Summonings
  7804 | D:8      | Found a staircase to the Lair.
  8089 | D:8      | Noticed Harold
  8099 | D:8      | Killed by an exploding themself... ignited by their inner
                  | flame

Illustrated notes

Levels and vault maps discovered:
D:1:      onia_arrival_handbag, layout_basic
D:2:      layout_basic, hellmonk_ecumenical_altar_run_dry, st_stairs_6,
          uniq_natasha
D:3:      layout_basic, uniq_ijyb, uniq_sigmund
D:4:      cheibrodos_greedy_goblins, layout_loops_cross,
          minmay_temple_entry_glassed_door, cheibrodos_sewer_entry_drain,
          serial_shops, shop_statue, kennysheep_path_1
D:5:      layout_cave_pools, uniq_blork_the_orc
D:6:      layout_basic, nicolae_overflow_hidden_temple, nicolae_sextant,
          serial_park_tiny_2, corner_web_ring, minivault_10, uniq_duvessa,
          uniq_eustachio
D:7:      layout_rooms, tso_altar, mainiacjoe_overflow_catwalk, serial_shops,
          shop_fountains, serial_bayou_crossing
D:8:      layout_basic, dpeg_oklobed_lair, uniq_harold
Temple:   regret_index_temple_mists

Skill      XL: |  1  2  3  4  5  6  7  8  9 |
---------------+----------------------------+-----
Summonings     | 5 6 7 8 9 10 | 10.3
Stealth        | 2 3 4 |  4.0
Dodging        | 3 4 5 6 |  6.1
Spellcasting   | 3 4 5 |  5.6
Armour         | 1 3 4 |  4.5
Evocations     | 1 3 |  3.0

Action                   |  1- 3 |  4- 6 |  7- 9 || total
-------------------------+-------+-------+-------++-------
Melee: Unarmed           |     4 |       |       ||     4
       Dagger            |    21 |    81 |   116 ||   218
       Short sword       |       |       |    48 ||    48
 Fire: Hunting sling     |       |       |    24 ||    24
Throw: Dart              |       |       |     5 ||     5
       Throwing net      |       |       |     1 ||     1
       Javelin           |       |       |     2 ||     2
 Cast: Summon Small Mamm |    30 |       |       ||    30
       Call Imp          |    22 |    31 |    75 ||   128
       Call Canine Famil |       |    28 |    37 ||    65
       Summon Guardian G |       |       |     4 ||     4
 Abil: Hop               |       |     2 |     5 ||     7
Evoke: Wand              |       |       |     2 ||     2
  Use: Scroll            |       |     2 |     8 ||    10
       Potion            |       |     2 |     4 ||     6
 Stab: Sleeping          |       |     4 |       ||     4
       Distracted        |       |     1 |     6 ||     7
       Invisible         |       |       |     1 ||     1
Armor: Robe              |    12 |    29 |     2 ||    43
       Leather armour    |       |       |    99 ||    99
Dodge: Dodged            |    42 |    66 |   192 ||   300
